 Dungeon Crawl Stone Soup version 0.32-a0-900-g30fb1b0edc (webtiles) character file.

Game seed: 837123363527616118

65 Esekla the Caller (level 3, 0/27 HPs)
             Began as a Demonspawn Wanderer on Apr 5, 2024.
             Slain by Natasha (7 damage)
             ... on level 2 of the Dungeon.
             The game lasted 00:06:20 (1131 turns).

Esekla the Caller (Demonspawn Wanderer)             Turns: 1131, Time: 00:06:20

Health: 0/27       AC:  4    Str: 11    XL:     3   Next: 92%
Magic:  2/6        EV: 10    Int: 18    God:
Gold:   114        SH:  0    Dex:  9    Spells: 3/6 levels left

rFire   . . .        a - +0 spear
rCold   . . .        (no shield)
rNeg    . . .        j - +0 robe
rPois   .            (no helmet)
rElec   .            (no cloak)
rCorr   .            (no gloves)
SInv    .            (no boots)
Will    .....        (no amulet)
Stlth   +            (no ring)
HPRegen 0.24/turn    (no ring)
MPRegen 0.10/turn

%: no passive effects
@: slowed, very slow
A: yellow scales 1
a: no special abilities


You were on level 2 of the Dungeon.
You visited 1 branch of the dungeon, and saw 2 of its levels.

You collected 114 gold pieces.

Inventory:

Hand Weapons
 a - a +0 spear (weapon)
 f - a +0 dagger
Armour
 j - a +0 robe (worn)
Scrolls
 b - 2 scrolls of fear
 d - 2 scrolls of immolation {unknown}
 e - a scroll of identify {unknown}
 i - a scroll of revelation {unknown}
Potions
 g - a potion of brilliance {unknown}
 h - 3 potions of curing {unknown}


   Skills:
 * Level 1.7 Fighting
 + Level 1.1 Polearms
 + Level 1.6 Armour
 + Level 0.8 Dodging
 + Level 1.0 Stealth
 * Level 2.2 Spellcasting
 - Level 3.0 Summonings
 * Level 3.0 Necromancy


You had 3 spell levels left.
You knew the following spells:

 Your Spells              Type           Power      Damage    Failure   Level
d - Vampiric Draining     Necr           13%        2d6       16%         3

Your spell library contained the following spells:

 Spells                   Type           Power      Damage    Failure   Level
 Necrotise                Necr           52%        1d6       4%          1
 Summon Small Mammal      Summ           48%        N/A       5%          1
 Call Imp                 Summ           24%        N/A       8%          2
 Cigotuvi's Dreadful Rot  Necr/Alch/Air  10%        N/A       17%         2
 Inner Flame              Hex/Fire       2%         N/A       47%         3
 Dispel Undead            Necr           13%        3d9       45%         4
 Martyr's Knell           Necr/Summ      12%        N/A       45%         4
 Summon Lightning Spire   Summ/Air       7%         N/A       67%         4
 Flame Wave               Conj/Fire      2%         2d4       87%         4
 Sticky Flame             Fire/Alch      2%         2d4       87%         4


Dungeon Overview and Level Annotations

Branches:
Dungeon (2/15)

Altars:

Annotations:
D:2 Natasha


Innate Abilities, Weirdness & Mutations

You are partially covered in yellow scales. (AC +2)


Message History

You hit the ribbon worm.
You kill the ribbon worm!
Found a scale mail.
h - 3 yellow potions (gained 1)
Your magical contamination has completely faded away.
Found a club and a whip.
Natasha, Servant of Life and Death comes into view.
Natasha hisses angrily.
Natasha stares at you and mumbles some strange words.
The magic dart hits you but does no damage.
Reach: a) +0 spear
Press: ? - help, Dir - move target, f - Natasha
Aim: Natasha (about 53% to evade your +0 spear)
You reach to attack!
You hit Natasha but do no damage. Natasha claws you!
You hit Natasha.
Natasha is lightly wounded.
Natasha closely misses you.
You barely miss Natasha.
Natasha is lightly wounded.
Natasha stares at you and mumbles some strange words.
The magic dart hits you!
You hit Natasha.
Natasha is heavily wounded.
Natasha claws you.
You hit Natasha but do no damage.
Natasha is heavily wounded.
Natasha barely misses you.
You hit Natasha but do no damage.
Natasha is heavily wounded.
Natasha claws you.
* * * LOW HITPOINT WARNING * * *
You hit Natasha.
Natasha is severely wounded.
Natasha casts a spell at you.
You feel yourself slow down.
You hit Natasha.
Natasha is almost dead.
Natasha claws you!
You die...
Natasha begins licking her fur clean.

.# .# #
######.#
#.#......# # .
........#.##..
####..!...#....
........)>.....
#..h@..#
#......#
#......#
####......#
#.........#
.##†.....# #
#.<.....#
#.......#
#.##.##.#


You could see Natasha.

Vanquished Creatures
  Terence (D:1)
  A ribbon worm (D:2)
  5 ball pythons (D:1)
  5 bats
  4 endoplasms (D:1)
  2 giant cockroaches (D:1)
  3 goblins (D:1)
  3 hobgoblins (D:1)
  3 quokkas (D:1)
  3 frilled lizards (D:1)
  3 rats (D:1)
33 creatures vanquished.

Notes
Turn   | Place    | Note
-------+----------+-------------------------------------------
     0 | D:1      | Esekla the Demonspawn Wanderer began the quest for the Orb.
     0 | D:1      | Esekla set off with the following items: a +0 club, a
                  | scroll of fear, a +0 ring mail; and the following spells
                  | available to memorise: Summon Small Mammal, Necrotise, Call
                  | Imp, Vampiric Draining, Summon Lightning Spire.
     0 | D:1      | Reached XP level 1. HP: 15/15 MP: 3/3
   153 | D:1      | Gained mutation: You are partially covered in yellow
                  | scales. (AC +2) [demonic ancestry]
   153 | D:1      | Reached XP level 2. HP: 21/21 MP: 5/5
   637 | D:1      | Reached XP level 3. HP: 21/26 MP: 6/6
   994 | D:1      | Learned a level 3 spell: Vampiric Draining
  1019 | D:2      | Noticed Terence
  1040 | D:1      | Killed Terence
  1041 | D:1      | Reached skill level 1 in Polearms
  1120 | D:2      | Noticed Natasha
  1131 | D:2      | Slain by Natasha

Illustrated notes

Levels and vault maps discovered:
D:1:      psy_arrival_terrarium, layout_loops_ring, serial_bayou_pond_c,
          chequers_serial_rivers_marsh, minmay_hexomino_f4
D:2:      layout_basic, serial_shops, nicolae_shop_rolled_up, uniq_terence,
          uniq_natasha

Skill      XL: |  1  2  3 |
---------------+----------+-----
Polearms       | 1 |  1.1
Necromancy     | 3 |  3.0
Fighting       | |  1.7
Armour         | |  1.6
Dodging        | |  0.8
Stealth        | |  1.0
Spellcasting   | |  2.2
Summonings     | |  3.0

Action                     || total
---------------------------++-------
  Melee: Club              ||    18
         Spear             ||   128
   Cast: Vampiric Draining ||     3
 Armour: Ring mail         ||    74
         Robe              ||    20
  Dodge: Dodged            ||    67

Table legend: (Time is in decaauts)
 A = Elapsed time spent in this place.
 B = Non-inter-level travel time spent in this place.
 C = Inter-level travel time spent in this place.
 D = Time resting spent in this place.
 E = Time spent auto-exploring this place.
 F = Levels seen in this place.
 G = Mean time per level.
                   A        B        C        D        E       F      G
               +--------+--------+--------+--------+--------+-----+--------+
         Total |   1156 |   1132 |     24 |    184 |    381 |   2 |  578.0 |
       Dungeon |   1156 |   1132 |     24 |    184 |    381 |   2 |  578.0 |
               +--------+--------+--------+--------+--------+-----+--------+

Top non-repeatable levels by time:
     D:1: 1113 daAuts
     D:2: 42 daAuts
